%YAML 1.1
%TAG !u! tag:unity3d.com,2011:
--- !u!1 &3997779302096626861
GameObject:
  m_ObjectHideFlags: 0
  m_CorrespondingSourceObject: {fileID: 0}
  m_PrefabInstance: {fileID: 0}
  m_PrefabAsset: {fileID: 0}
  serializedVersion: 6
  m_Component:
  - component: {fileID: 3997779302096626862}
  m_Layer: 0
  m_Name: OtroEnemigo
  m_TagString: Untagged
  m_Icon: {fileID: 0}
  m_NavMeshLayer: 0
  m_StaticEditorFlags: 0
  m_IsActive: 1
--- !u!4 &3997779302096626862
Transform:
  m_ObjectHideFlags: 0
  m_CorrespondingSourceObject: {fileID: 0}
  m_PrefabInstance: {fileID: 0}
  m_PrefabAsset: {fileID: 0}
  m_GameObject: {fileID: 3997779302096626861}
  m_LocalRotation: {x: -0, y: -0, z: -0, w: 1}
  m_LocalPosition: {x: 0, y: 0, z: 0}
  m_LocalScale: {x: 1, y: 1, z: 1}
  m_Children:
  - {fileID: 3995886972277098034}
  m_Father: {fileID: 3997779302096840541}
  m_RootOrder: 0
  m_LocalEulerAnglesHint: {x: 0, y: 0, z: 0}
--- !u!82 &722646708
AudioSource:
  m_ObjectHideFlags: 0
  m_CorrespondingSourceObject: {fileID: 0}
  m_PrefabInstance: {fileID: 0}
  m_PrefabAsset: {fileID: 0}
  m_GameObject: {fileID: 3997779302096778279}
  m_Enabled: 1
  serializedVersion: 4
  OutputAudioMixerGroup: {fileID: 0}
  m_audioClip: {fileID: 0}
  m_PlayOnAwake: 0
  m_Volume: 1
  m_Pitch: 1
  Loop: 0
  Mute: 0
  Spatialize: 0
  SpatializePostEffects: 0
  Priority: 128
  DopplerLevel: 1
  MinDistance: 1
  MaxDistance: 500
  Pan2D: 0
  rolloffMode: 0
  BypassEffects: 0
  BypassListenerEffects: 0
  BypassReverbZones: 0
  rolloffCustomCurve:
    serializedVersion: 2
    m_Curve:
    - serializedVersion: 3
      time: 0
      value: 1
      inSlope: 0
      outSlope: 0
      tangentMode: 0
      weightedMode: 0
      inWeight: 0.33333334
      outWeight: 0.33333334
    - serializedVersion: 3
      time: 1
      value: 0
      inSlope: 0
      outSlope: 0
      tangentMode: 0
      weightedMode: 0
      inWeight: 0.33333334
      outWeight: 0.33333334
    m_PreInfinity: 2
    m_PostInfinity: 2
    m_RotationOrder: 4
  panLevelCustomCurve:
    serializedVersion: 2
    m_Curve:
    - serializedVersion: 3
      time: 0
      value: 0
      inSlope: 0
      outSlope: 0
      tangentMode: 0
      weightedMode: 0
      inWeight: 0.33333334
      outWeight: 0.33333334
    m_PreInfinity: 2
    m_PostInfinity: 2
    m_RotationOrder: 4
  spreadCustomCurve:
    serializedVersion: 2
    m_Curve:
    - serializedVersion: 3
      time: 0
      value: 0
      inSlope: 0
      outSlope: 0
      tangentMode: 0
      weightedMode: 0
      inWeight: 0.33333334
      outWeight: 0.33333334
    m_PreInfinity: 2
    m_PostInfinity: 2
    m_RotationOrder: 4
  reverbZoneMixCustomCurve:
    serializedVersion: 2
    m_Curve:
    - serializedVersion: 3
      time: 0
      value: 1
      inSlope: 0
      outSlope: 0
      tangentMode: 0
      weightedMode: 0
      inWeight: 0.33333334
      outWeight: 0.33333334
    m_PreInfinity: 2
    m_PostInfinity: 2
    m_RotationOrder: 4
--- !u!1 &3997779302681590561
GameObject:
  m_ObjectHideFlags: 0
  m_CorrespondingSourceObject: {fileID: 0}
  m_PrefabInstance: {fileID: 0}
  m_PrefabAsset: {fileID: 0}
  serializedVersion: 6
  m_Component:
  - component: {fileID: 3997779302681590562}
  m_Layer: 0
  m_Name: EnemigoIABaseV2
  m_TagString: Untagged
  m_Icon: {fileID: 0}
  m_NavMeshLayer: 0
  m_StaticEditorFlags: 0
  m_IsActive: 1
--- !u!4 &3997779302681590562
Transform:
  m_ObjectHideFlags: 0
  m_CorrespondingSourceObject: {fileID: 0}
  m_PrefabInstance: {fileID: 0}
  m_PrefabAsset: {fileID: 0}
  m_GameObject: {fileID: 3997779302681590561}
  m_LocalRotation: {x: 0, y: 0, z: 0, w: 1}
  m_LocalPosition: {x: 250, y: 0, z: 260}
  m_LocalScale: {x: 2.47758, y: 2.47758, z: 2.47758}
  m_Children:
  - {fileID: 3997779302096840541}
  m_Father: {fileID: 0}
  m_RootOrder: 0
  m_LocalEulerAnglesHint: {x: 0, y: 0, z: 0}
--- !u!1001 &3997779302096735971
PrefabInstance:
  m_ObjectHideFlags: 0
  serializedVersion: 2
  m_Modification:
    m_TransformParent: {fileID: 3997779302681590562}
    m_Modifications:
    - target: {fileID: 113348, guid: 54eb5844754051b40a918a84c33b7c1a, type: 3}
      propertyPath: m_Name
      value: AIThirdPersonController
      objectReference: {fileID: 0}
    - target: {fileID: 113348, guid: 54eb5844754051b40a918a84c33b7c1a, type: 3}
      propertyPath: m_TagString
      value: EnemyBerserk
      objectReference: {fileID: 0}
    - target: {fileID: 436670, guid: 54eb5844754051b40a918a84c33b7c1a, type: 3}
      propertyPath: m_LocalPosition.x
      value: 0
      objectReference: {fileID: 0}
    - target: {fileID: 436670, guid: 54eb5844754051b40a918a84c33b7c1a, type: 3}
      propertyPath: m_LocalPosition.y
      value: 0
      objectReference: {fileID: 0}
    - target: {fileID: 436670, guid: 54eb5844754051b40a918a84c33b7c1a, type: 3}
      propertyPath: m_LocalPosition.z
      value: 0
      objectReference: {fileID: 0}
    - target: {fileID: 436670, guid: 54eb5844754051b40a918a84c33b7c1a, type: 3}
      propertyPath: m_LocalRotation.x
      value: 0
      objectReference: {fileID: 0}
    - target: {fileID: 436670, guid: 54eb5844754051b40a918a84c33b7c1a, type: 3}
      propertyPath: m_LocalRotation.y
      value: 0
      objectReference: {fileID: 0}
    - target: {fileID: 436670, guid: 54eb5844754051b40a918a84c33b7c1a, type: 3}
      propertyPath: m_LocalRotation.z
      value: 0
      objectReference: {fileID: 0}
    - target: {fileID: 436670, guid: 54eb5844754051b40a918a84c33b7c1a, type: 3}
      propertyPath: m_LocalRotation.w
      value: 1
      objectReference: {fileID: 0}
    - target: {fileID: 436670, guid: 54eb5844754051b40a918a84c33b7c1a, type: 3}
      propertyPath: m_RootOrder
      value: 0
      objectReference: {fileID: 0}
    - target: {fileID: 436670, guid: 54eb5844754051b40a918a84c33b7c1a, type: 3}
      propertyPath: m_LocalEulerAnglesHint.x
      value: 0
      objectReference: {fileID: 0}
    - target: {fileID: 436670, guid: 54eb5844754051b40a918a84c33b7c1a, type: 3}
      propertyPath: m_LocalEulerAnglesHint.y
      value: 0
      objectReference: {fileID: 0}
    - target: {fileID: 436670, guid: 54eb5844754051b40a918a84c33b7c1a, type: 3}
      propertyPath: m_LocalEulerAnglesHint.z
      value: 0
      objectReference: {fileID: 0}
    - target: {fileID: 88457611021390075, guid: 54eb5844754051b40a918a84c33b7c1a,
        type: 3}
      propertyPath: m_RootOrder
      value: 1
      objectReference: {fileID: 0}
    - target: {fileID: 19597056, guid: 54eb5844754051b40a918a84c33b7c1a, type: 3}
      propertyPath: m_Radius
      value: 0.3
      objectReference: {fileID: 0}
    - target: {fileID: 19597056, guid: 54eb5844754051b40a918a84c33b7c1a, type: 3}
      propertyPath: m_StoppingDistance
      value: 2
      objectReference: {fileID: 0}
    - target: {fileID: 19597056, guid: 54eb5844754051b40a918a84c33b7c1a, type: 3}
      propertyPath: m_Height
      value: 1.2
      objectReference: {fileID: 0}
    - target: {fileID: 13654204, guid: 54eb5844754051b40a918a84c33b7c1a, type: 3}
      propertyPath: m_Height
      value: 1.1
      objectReference: {fileID: 0}
    - target: {fileID: 13654204, guid: 54eb5844754051b40a918a84c33b7c1a, type: 3}
      propertyPath: m_Center.y
      value: 0.67
      objectReference: {fileID: 0}
    - target: {fileID: 11450346, guid: 54eb5844754051b40a918a84c33b7c1a, type: 3}
      propertyPath: m_MoveSpeedMultiplier
      value: 0.4
      objectReference: {fileID: 0}
    - target: {fileID: 11450346, guid: 54eb5844754051b40a918a84c33b7c1a, type: 3}
      propertyPath: m_GroundCheckDistance
      value: 0.7
      objectReference: {fileID: 0}
    - target: {fileID: 11450346, guid: 54eb5844754051b40a918a84c33b7c1a, type: 3}
      propertyPath: health
      value: 70
      objectReference: {fileID: 0}
    - target: {fileID: 11450346, guid: 54eb5844754051b40a918a84c33b7c1a, type: 3}
      propertyPath: damagePerDeltaTime
      value: 1500
      objectReference: {fileID: 0}
    - target: {fileID: 11450346, guid: 54eb5844754051b40a918a84c33b7c1a, type: 3}
      propertyPath: SonidoEspada
      value: 
      objectReference: {fileID: 8300000, guid: d3f8e76983956054280d7f351c5c03d6, type: 3}
    - target: {fileID: 11450346, guid: 54eb5844754051b40a918a84c33b7c1a, type: 3}
      propertyPath: SonidoMuerte
      value: 
      objectReference: {fileID: 8300000, guid: a853d4fc0aeb59e4ea2bf860b921b20d, type: 3}
    - target: {fileID: 11450346, guid: 54eb5844754051b40a918a84c33b7c1a, type: 3}
      propertyPath: SonidoGameOver
      value: 
      objectReference: {fileID: 8300000, guid: e84c7092d90b0e746b753a1082d2b01d, type: 3}
    - target: {fileID: 11450346, guid: 54eb5844754051b40a918a84c33b7c1a, type: 3}
      propertyPath: SonidoDano
      value: 
      objectReference: {fileID: 8300000, guid: dce5acf120438fd49a042a21a55576d4, type: 3}
    - target: {fileID: 11402594, guid: 54eb5844754051b40a918a84c33b7c1a, type: 3}
      propertyPath: maxDistance
      value: 30
      objectReference: {fileID: 0}
    - target: {fileID: 11402594, guid: 54eb5844754051b40a918a84c33b7c1a, type: 3}
      propertyPath: minPlayerDetectDistance
      value: 4
      objectReference: {fileID: 0}
    - target: {fileID: 9527630, guid: 54eb5844754051b40a918a84c33b7c1a, type: 3}
      propertyPath: m_Avatar
      value: 
      objectReference: {fileID: 9000000, guid: 4b31158a600f6cd46b2255fe65387395, type: 3}
    - target: {fileID: 6578269476629888505, guid: 54eb5844754051b40a918a84c33b7c1a,
        type: 3}
      propertyPath: m_IsTrigger
      value: 1
      objectReference: {fileID: 0}
    - target: {fileID: 6578269476629888505, guid: 54eb5844754051b40a918a84c33b7c1a,
        type: 3}
      propertyPath: m_Size.x
      value: 6
      objectReference: {fileID: 0}
    - target: {fileID: 6578269476629888505, guid: 54eb5844754051b40a918a84c33b7c1a,
        type: 3}
      propertyPath: m_Size.y
      value: 1.2668314
      objectReference: {fileID: 0}
    - target: {fileID: 6578269476629888505, guid: 54eb5844754051b40a918a84c33b7c1a,
        type: 3}
      propertyPath: m_Size.z
      value: 10
      objectReference: {fileID: 0}
    - target: {fileID: 6578269476629888505, guid: 54eb5844754051b40a918a84c33b7c1a,
        type: 3}
      propertyPath: m_Center.x
      value: -0.05427083
      objectReference: {fileID: 0}
    - target: {fileID: 6578269476629888505, guid: 54eb5844754051b40a918a84c33b7c1a,
        type: 3}
      propertyPath: m_Center.y
      value: 0.82619315
      objectReference: {fileID: 0}
    - target: {fileID: 6578269476629888505, guid: 54eb5844754051b40a918a84c33b7c1a,
        type: 3}
      propertyPath: m_Center.z
      value: 3.5
      objectReference: {fileID: 0}
    m_RemovedComponents: []
  m_SourcePrefab: {fileID: 100100000, guid: 54eb5844754051b40a918a84c33b7c1a, type: 3}
--- !u!1 &3997779302096778279 stripped
GameObject:
  m_CorrespondingSourceObject: {fileID: 113348, guid: 54eb5844754051b40a918a84c33b7c1a,
    type: 3}
  m_PrefabInstance: {fileID: 3997779302096735971}
  m_PrefabAsset: {fileID: 0}
--- !u!4 &3997779302096840541 stripped
Transform:
  m_CorrespondingSourceObject: {fileID: 436670, guid: 54eb5844754051b40a918a84c33b7c1a,
    type: 3}
  m_PrefabInstance: {fileID: 3997779302096735971}
  m_PrefabAsset: {fileID: 0}
--- !u!1001 &3997779302868044200
PrefabInstance:
  m_ObjectHideFlags: 0
  serializedVersion: 2
  m_Modification:
    m_TransformParent: {fileID: 3997779302096626862}
    m_Modifications:
    - target: {fileID: 1615335249088072, guid: 2bdbc34c6abe44717aca1013ebad4f6e, type: 3}
      propertyPath: m_Name
      value: Dwarf BerserkerM
      objectReference: {fileID: 0}
    - target: {fileID: 4161788898430874, guid: 2bdbc34c6abe44717aca1013ebad4f6e, type: 3}
      propertyPath: m_LocalPosition.x
      value: 0
      objectReference: {fileID: 0}
    - target: {fileID: 4161788898430874, guid: 2bdbc34c6abe44717aca1013ebad4f6e, type: 3}
      propertyPath: m_LocalPosition.y
      value: 0.15776
      objectReference: {fileID: 0}
    - target: {fileID: 4161788898430874, guid: 2bdbc34c6abe44717aca1013ebad4f6e, type: 3}
      propertyPath: m_LocalPosition.z
      value: 0.0012817
      objectReference: {fileID: 0}
    - target: {fileID: 4161788898430874, guid: 2bdbc34c6abe44717aca1013ebad4f6e, type: 3}
      propertyPath: m_LocalRotation.x
      value: 0
      objectReference: {fileID: 0}
    - target: {fileID: 4161788898430874, guid: 2bdbc34c6abe44717aca1013ebad4f6e, type: 3}
      propertyPath: m_LocalRotation.y
      value: 0
      objectReference: {fileID: 0}
    - target: {fileID: 4161788898430874, guid: 2bdbc34c6abe44717aca1013ebad4f6e, type: 3}
      propertyPath: m_LocalRotation.z
      value: 0
      objectReference: {fileID: 0}
    - target: {fileID: 4161788898430874, guid: 2bdbc34c6abe44717aca1013ebad4f6e, type: 3}
      propertyPath: m_LocalRotation.w
      value: 1
      objectReference: {fileID: 0}
    - target: {fileID: 4161788898430874, guid: 2bdbc34c6abe44717aca1013ebad4f6e, type: 3}
      propertyPath: m_RootOrder
      value: 0
      objectReference: {fileID: 0}
    - target: {fileID: 4161788898430874, guid: 2bdbc34c6abe44717aca1013ebad4f6e, type: 3}
      propertyPath: m_LocalEulerAnglesHint.x
      value: 0
      objectReference: {fileID: 0}
    - target: {fileID: 4161788898430874, guid: 2bdbc34c6abe44717aca1013ebad4f6e, type: 3}
      propertyPath: m_LocalEulerAnglesHint.y
      value: 0
      objectReference: {fileID: 0}
    - target: {fileID: 4161788898430874, guid: 2bdbc34c6abe44717aca1013ebad4f6e, type: 3}
      propertyPath: m_LocalEulerAnglesHint.z
      value: 0
      objectReference: {fileID: 0}
    - target: {fileID: 4161788898430874, guid: 2bdbc34c6abe44717aca1013ebad4f6e, type: 3}
      propertyPath: m_LocalScale.x
      value: 0.75577825
      objectReference: {fileID: 0}
    - target: {fileID: 4161788898430874, guid: 2bdbc34c6abe44717aca1013ebad4f6e, type: 3}
      propertyPath: m_LocalScale.y
      value: 0.75577825
      objectReference: {fileID: 0}
    - target: {fileID: 4161788898430874, guid: 2bdbc34c6abe44717aca1013ebad4f6e, type: 3}
      propertyPath: m_LocalScale.z
      value: 0.75577825
      objectReference: {fileID: 0}
    - target: {fileID: 95244105348094984, guid: 2bdbc34c6abe44717aca1013ebad4f6e,
        type: 3}
      propertyPath: m_Controller
      value: 
      objectReference: {fileID: 0}
    m_RemovedComponents: []
  m_SourcePrefab: {fileID: 100100000, guid: 2bdbc34c6abe44717aca1013ebad4f6e, type: 3}
--- !u!4 &3995886972277098034 stripped
Transform:
  m_CorrespondingSourceObject: {fileID: 4161788898430874, guid: 2bdbc34c6abe44717aca1013ebad4f6e,
    type: 3}
  m_PrefabInstance: {fileID: 3997779302868044200}
  m_PrefabAsset: {fileID: 0}
